 Seeded DCSS version 0.30.1-9-gdf580d7c3d (webtiles) character file.

Game seed: 7229806256980976716 (custom seed)

324 Psyclone the Cutter (level 6, -2/36 HPs)
             Began as an Octopode Venom Mage on Sept 30, 2023.
             Slain by a wyvern zombie (8 damage)
             ... on level 3 of the Dungeon.
             The game lasted 00:02:11 (2096 turns).

Psyclone the Cutter (Octopode Venom Mage)           Turns: 2096, Time: 00:02:11

Health: -2/36      AC:  8    Str:  8    XL:     6   Next: 48%
Magic:  18/18      EV: 13    Int: 27    God:
Gold:   138        SH:  0    Dex:  8    Spells: 8/9 levels left

rFire   . . .        a - +12 pair of quick blades "Gyre" and "Gimble" {protect}
rCold   + + .        (shield currently unavailable)
rNeg    . . .        (helmet restricted)
rPois   +            (no amulet)
rElec   .            e - ring of the Mage {Wiz Archmagi}
rCorr   .            f - ring "Yjoxom" {Contam rPois rC++ MP+9 Int+8 Dex-4}
SInv    .            (no ring)
Will    .....        (no ring)
Stlth   +++          (no ring)
HPRegen 0.26/turn    (no ring)
MPRegen 0.16/turn    (no ring)
                     (no ring)

%: wizardry (x1), archmagi
@: under a protective aura
A: almost no armour, amphibious, 8 rings, camouflage 1, gelatinous body 1,
(nimble swimmer 1), tentacles
a: no special abilities


You were on level 3 of the Dungeon.
You visited 1 branch of the dungeon, and saw 3 of its levels.

You collected 138 gold pieces.

Inventory:

Hand Weapons
 a - the +12 pair of quick blades "Gyre" and "Gimble" (weapon) {protect}
   (You acquired it on level 1 of the Dungeon)
Missiles
 k - a throwing net {!f}
Jewellery
 e - the ring of the Mage (left tentacle) {Wiz Archmagi}
   (You acquired it on level 1 of the Dungeon)

   [ring of wizardry]

   It improves your spell success rate.
   Archmagi:  It increases the power of your magical spells.
 f - the ring "Yjoxom" (right tentacle) {Contam rPois rC++ MP+9 Int+8 Dex-4}
   (You acquired it on level 1 of the Dungeon)

   [ring of magical power]

   Int:       It affects your intelligence (+8).
   Dex:       It affects your dexterity (-4).
   rC:        It greatly protects you from cold.
   rPois:     It protects you from poison.
   MP:        It affects your magic capacity (+9).
   Contam:    It causes magical contamination when unequipped.
Scrolls
 b - 3 scrolls of amnesia {unknown}
 d - a scroll of teleportation {unknown}
 h - a scroll of enchant armour {unknown}
 j - 2 scrolls of blinking {unknown}
 l - 4 scrolls of identify {unknown}
 p - a scroll of poison {unknown}
Potions
 c - a potion of magic
 g - a potion of might {unknown}
 i - 2 potions of mutation {unknown}
 m - 2 potions of curing {unknown}
 n - 2 potions of brilliance {unknown}
 o - a potion of invisibility {unknown}


   Skills:
 + Level 6.2 Short Blades
 - Level 2.0 Dodging
 - Level 2.6 Stealth
 - Level 2.0 Spellcasting
 - Level 1.0 Transmutations
 - Level 3.6 Poison Magic


You had 8 spell levels left.
You knew the following spells:

 Your Spells              Type           Power      Damage    Failure   Level
a - Sting                 Tmut/Pois      88%        1d7       1%          1

Your spell library contained the following spells:

 Spells                   Type           Power      Damage    Failure   Level
 Poisonous Vapours        Pois/Air       36%        N/A       2%          2
 Cigotuvi's Dreadful Rot  Necr/Pois/Air  26%        N/A       3%          2
 Mephitic Cloud           Conj/Pois/Air  13%        N/A       8%          3
 Olgreb's Toxic Radiance  Pois           33%        N/A       9%          4
 Dispel Undead            Necr           4%         3d7       34%         4
 Freezing Cloud           Conj/Ice/Air   2%         6-21      69%         5
 Death Channel            Necr           2%         N/A       99%         6


Dungeon Overview and Level Annotations

Branches:
Dungeon (3/15) Zot: 15954

Altars:
Zin


Innate Abilities, Weirdness & Mutations

You cannot wear most types of armour.
You are amphibious.
You can wear up to eight rings at the same time.
Your skin changes colour to match your surroundings (Stealth+).
Your rubbery body absorbs attacks. (AC +1, EV +1)
((You are camouflaged when in or above water. (Stealth+)))
You have tentacles for arms and can constrict up to eight enemies at once.


Message History

You squeeze viiyen's ghost, but do no damage.
You completely miss viiyen's ghost.
Health restored: 31 You puncture viiyen's ghost!
You barely miss viiyen's ghost. Viiyen's ghost hits you!
You take 9 damage, and have 22/31 hp.
MASSIVE DAMAGE!!
You hit viiyen's ghost. x2
You completely miss viiyen's ghost. Your squeeze misses viiyen's ghost.
You hit viiyen's ghost. Viiyen's ghost hits you.
You take 1 damage, and have 21/31 hp.
You hit viiyen's ghost. You completely miss viiyen's ghost.
You hit viiyen's ghost but do no damage.
You completely miss viiyen's ghost. You puncture viiyen's ghost!
You hit viiyen's ghost but do no damage.
Viiyen's ghost hits you but does no damage.
You puncture viiyen's ghost! Your squeeze misses viiyen's ghost.
You closely miss viiyen's ghost. You hit viiyen's ghost.
You squeeze viiyen's ghost, but do no damage.
You barely miss viiyen's ghost. Viiyen's ghost hits you!
Ouch! That really hurt!
* * * LOW HITPOINT WARNING * * *
You take 17 damage, and have 4/31 hp.
MASSIVE DAMAGE!!
You closely miss viiyen's ghost. You hit viiyen's ghost.
You hit viiyen's ghost but do no damage.
You hit viiyen's ghost.
Viiyen's ghost hits you but does no damage.
You hit viiyen's ghost but do no damage.
You squeeze viiyen's ghost, but do no damage.
You hit viiyen's ghost. You hit viiyen's ghost. x2
You destroy viiyen's ghost!
Your Short Blades skill increases to level 6!
You have reached level 6!
MP restored: 18 You puncture the wyvern zombie! x2
You puncture the wyvern zombie! You hit the wyvern zombie.
The wyvern zombie bites you!
You die...

....#....#..#########...####
..#.)....#.## ###.#
..###.#..#.# #.#
..###.#....# #########
..#.......### ..#.#..
###.(###....# ##.$(..##
....## #.##.##### #.......#
###.# #.##.....####
##.Z...## ###.#
#.######.@Z.# #..Z....#
.††.# #.# ####.#####'''###
##..# #.# ##...##.....#
##..# #.# ##...........#
##..# #.## #............#
#.(.# #..# #...........÷#
#.#.#####.## #............##
..#........# ##.......÷....#
.########..##
##....#...##.###


You could see a wyvern zombie.

Vanquished Creatures
  The ghost of viiyen the Chopper, an amateur MiBe of Trog (D:3)
  A jelly (D:2)
  A bullfrog skeleton (D:3)
  4 adders (D:2)
  An ufetubus (D:3)
  3 worms
  4 endoplasms
  5 giant cockroaches
  2 goblins
  5 hobgoblins
  20 jackals
  4 quokkas
  6 ball pythons
  5 bats
  A frilled lizard (D:1)
  4 rats
67 creatures vanquished.

Notes
Turn   | Place    | Note
-------+----------+-------------------------------------------
     0 | D:1      | Psyclone the Octopode Venom Mage began the quest for the
                  | Orb.
     0 | D:1      | Reached XP level 1. HP: 11/11 MP: 3/3
    80 | D:1      | Identified 3 scrolls of acquirement
    80 | D:1      | Acquired the ring of the Mage {Wiz Archmagi}
    80 | D:1      | Found the ring of the Mage {Wiz Archmagi}
    86 | D:1      | Acquired the ring "Yjoxom" {Contam rPois rC++ MP+9 Int+8
                  | Dex-4}
   187 | D:1      | Acquired the +12 pair of quick blades "Gyre" and "Gimble"
                  | {protect}
   187 | D:1      | Found the +12 pair of quick blades "Gyre" and "Gimble"
                  | {protect}
   284 | D:1      | Reached skill level 1 in Short Blades
   354 | D:1      | Reached XP level 2. HP: 17/17 MP: 5/5
   372 | D:1      | Reached skill level 2 in Short Blades
   667 | D:1      | Reached XP level 3. HP: 21/21 MP: 6/6
  1018 | D:2      | Reached skill level 3 in Short Blades
  1070 | D:2      | Reached XP level 4. HP: 27/27 MP: 7/7
  1099 | D:2      | Reached skill level 4 in Short Blades
  1496 | D:2      | Reached XP level 5. HP: 31/31 MP: 8/8
  1680 | D:3      | Found a runed translucent gate.
  1680 | D:3      | Found a runed translucent gate.
  1680 | D:3      | Found a runed translucent gate.
  1808 | D:3      | Found a glowing silver altar of Zin.
  2065 | D:3      | Noticed viiyen's ghost (amateur MiBe)
  2082 | D:3      | Reached skill level 5 in Short Blades
  2094 | D:3      | Killed viiyen's ghost
  2095 | D:3      | Reached skill level 6 in Short Blades
  2095 | D:3      | Reached XP level 6. HP: 6/36 MP: 9/9
  2096 | D:3      | Slain by a wyvern zombie

Illustrated notes

Levels and vault maps discovered:
D:1:      spicycebolla_arrival_ecumenical, layout_loops_ring
D:2:      layout_basic
D:3:      layout_rooms, mainiacjoe_overflow_paths, gammafunk_ghost_necromancy

Skill      XL: |  1  2  3  4  5 |
---------------+----------------+-----
Short Blades   | 1 2 3 4 6 |  6.2
Dodging        | |  2.0
Stealth        | |  2.6
Spellcasting   | |  2.0
Transmutations | |  1.0
Poison Magic   | |  3.6

Action                     |  1- 3 |  4- 6 || total
---------------------------+-------+-------++-------
  Melee: Pair of quick bla |    38 |    65 ||   103
         Constrict         |     5 |     6 ||    11
         Tentacles         |       |     6 ||     6
    Use: Scroll            |     3 |       ||     3
   Stab: Sleeping          |     5 |     9 ||    14
 Armour: Skin              |     4 |     6 ||    10
  Dodge: Dodged            |    24 |    18 ||    42
